 Dungeon Sprint DCSS version 0.29-a0-369-gd956c00756 (webtiles) character file.

Game seed: 11138661566256465059

11526 mhtbhm the Executioner (level 11, -2/184 HPs)
             Began as a Minotaur Berserker on May 1, 2022.
             Was the Champion of Trog.
             Succumbed to an orange demon's poison
             ... in the Dungeon (Sprint III: "The Ten Rune Challenge").
             The game lasted 00:06:17 (3808 turns).

mhtbhm the Executioner (Minotaur Berserker)         Turns: 3808, Time: 00:06:17

Health: -2/184     AC: 17    Str: 27    XL:     11   Next: 50%
Magic:  10/10      EV: 13    Int:  4    God:    Trog [******]
Gold:   1964       SH:  0    Dex: 11    Spells: 10/10 levels left

rFire   . . .      SeeInvis .   a - +3 executioner's axe
rCold   . . .      Faith    .   (shield currently unavailable)
rNeg    . . .      Spirit   .   b - +4 chain mail {Will+}
rPois   .          Reflect  .   (helmet restricted)
rElec   +          Harm     .   (no cloak)
rCorr   .          Rampage  .   (no gloves)
Will    +....      NoTele   +   (no boots)
Stlth   ..........              (no amulet)
HPRegen 0.40/turn               (no ring)
MPRegen 0.12/turn               (no ring)

@: berserking (expiring), lethally poisoned (-2 -> -17), weakened, very quick
A: horns 2, retaliatory headbutt, deterioration 1, electricity resistance,
strong 1
a: Renounce Religion, Berserk, Trog's Hand, Brothers in Arms


You were in the Dungeon.
You worshipped Trog.
Trog was exalted by your worship.
You visited 1 branch You collected 1964 gold pieces.

Inventory:

Hand Weapons
 a - a +3 executioner's axe (weapon)
Missiles
 d - 6 javelins (quivered)
 h - 7 curare-tipped darts
Armour
 b - a +4 chain mail of willpower (worn)
Wands
 i - a wand of paralysis (19)
Scrolls
 j - a scroll of holy word {unknown}
 k - 3 scrolls of identify
 m - a scroll of immolation {unknown}
Potions
 c - 2 potions of curing
 e - 2 potions of haste
 f - 2 potions of magic
 g - a potion of berserk rage
 l - 2 potions of flight {unknown}
Miscellaneous
 n - a phantom mirror


   Skills:
 + Level 19.2 Fighting
 + Level 21.4 Axes
 + Level 14.6 Armour
 + Level 11.0 Dodging
 - Level 1.6 Stealth
 + Level 2.3 Evocations


You had 10 spell levels left.
You didn't know any spells.
Your spell library was empty.

Dungeon Overview and Level Annotations

Branches:
Dungeon (1/1)

Altars:
Cheibriados
Dithmenos
Elyvilon
Fedhas
Gozag
Hepliaklqana
Kikubaaqudgha
Makhleb
Nemelex Xobeh
Okawaru
Qazlal
Ru
Sif Muna
Trog
Uskayaw
Vehumet
Wu Jian
Xom
Yredelemnul
Zin
The Shining One
Beogh
Jiyva
Lugonu

Shops:
D :


Innate Abilities, Weirdness & Mutations

You have a pair of horns on your head.
You reflexively headbutt those who attack you in melee.
Your body sometimes deteriorates upon taking damage.
You are resistant to electric shocks. (rElec)
Your muscles are strong. (Str +2)


Message History

You closely miss the orc high priest.
Your headbutt misses the orc high priest.
The orc high priest is heavily wounded.
You slash the sun demon!
You kill the sun demon!
The sun demon disappears in a puff of smoke!
You slice the orange demon!! You slice the sixfirhy!!
* * * LOW HITPOINT WARNING * * *
You feel very sick. The sixfirhy misses you.
The orc high priest hits you with a +2 vorpal glaive.
* * * LOW HITPOINT WARNING * * *
x2 The orc priest complains loudly, as Orcs often do.
The orc priest casts a cantrip, but nothing happens.
The orange demon stings you but does no damage.
The orange demon closely misses you.
Unknown command.
Unknown command.
You slash the orc high priest!
You headbutt the orc high priest, but do no damage.
The orc high priest is severely wounded.
You hit the sixfirhy.
You kill the sixfirhy!
The sixfirhy disappears in a puff of smoke!
You barely miss the orange demon.
* * * LOW HITPOINT WARNING * * *
You feel very sick.
Unknown command.
Unknown command.
You slice the orc high priest!!
You kill the orc high priest!
Trog accepts your kill.
The orange demon disappears in a puff of smoke!
* * * LOW HITPOINT WARNING * * *
You feel sick.
The orc priest hits you from afar with a +0 trident.
* * * LOW HITPOINT WARNING * * *
Unknown command.
Unknown command.
You die...

♣♣♣##'########
♣ #)).'.≈≈§≈#
## #...#.≈§≈≈#
.# #...#.#§≈≈#
##+ #####.#
≈≈§ ..#
#.....# ≈ ..#
#.§§..# ###
#.§§..#
#..@.o#
#+#####


You could see an orc priest.

Vanquished Creatures
  Sigmund (D)
  Snorg (D)
  A centaur warrior (D)
  Urug (D)
  4 orc high priests (D)
  A lindwurm (D)
  A deep elf pyromancer (D)
  An orc knight (D)
  An orc sorcerer (D)
  Edmund (D)
  An unseen horror (D)
  2 cane toads (D)
  A rime drake (D)
  A komodo dragon (D)
  2 tyrant leeches (D)
  A shadow (D)
  A spatial vortex (D)
  3 redbacks (D)
  2 orc warriors (D)
  A swamp drake (D)
  2 centaurs (D)
  An earth elemental (D)
  A necrophage (D)
  3 wandering mushrooms (D)
  A water elemental (D)
  A scorpion (D)
  A jelly (D)
  A wizard (D)
  Jessica (D)
  An orc wizard (D)
  A necromancer (D)
  A kobold demonologist (D)
  3 humans (D)
  6 orcs (D)
  An endoplasm (D)
  2 rats (D)
  A plant (D)
56 creatures vanquished.

Vanquished Creatures (collateral kills)
  An orc high priest (D)
  3 orc priests (D)
  2 orcs (D)
6 creatures vanquished.

Vanquished Creatures (others)
  8 plants (D)
8 creatures vanquished.

Grand Total: 70 creatures vanquished

Notes
Turn   | Place    | Note
-------+----------+-------------------------------------------
     0 | D        | mhtbhm the Minotaur Berserker began the quest for the Orb.
     0 | D        | Reached XP level 1. HP: 19/19 MP: 0/0
     6 | D        | Reached skill level 4 in Axes
    66 | D        | Noticed Jessica
    66 | D        | Reached ** piety under Trog
    73 | D        | Killed Jessica
    74 | D        | Reached skill level 5 in Fighting
    74 | D        | Reached skill level 5 in Axes
    74 | D        | Reached XP level 2. HP: 12/30 MP: 1/1
    74 | D        | Reached XP level 3. HP: 15/37 MP: 2/2
   278 | D        | Reached skill level 6 in Axes
   415 | D        | Noticed a scorpion
   420 | D        | Killed a scorpion
   420 | D        | Reached *** piety under Trog
   421 | D        | Reached skill level 7 in Axes
   421 | D        | Reached XP level 4. HP: 48/48 MP: 3/3
   439 | D        | Gained mutation: You have sharp toenails. [potion of
                  | mutation]
   460 | D        | Lost mutation: You have sharp toenails. [potion of
                  | mutation]
   460 | D        | Gained mutation: You sometimes lose the ability to read
                  | scrolls when taking damage. [potion of mutation]
   460 | D        | Gained mutation: You possess an exceptional clarity of
                  | mind. [potion of mutation]
   460 | D        | Gained mutation: You are clumsy. (Dex -2) [potion of
                  | mutation]
   461 | D        | Lost mutation: You sometimes lose the ability to read
                  | scrolls when taking damage. [potion of mutation]
   461 | D        | Lost mutation: You possess an exceptional clarity of mind.
                  | [potion of mutation]
   461 | D        | Lost mutation: You are clumsy. (Dex -2) [potion of
                  | mutation]
   461 | D        | Gained mutation: Your body sometimes deteriorates upon
                  | taking damage. [potion of mutation]
   461 | D        | Gained mutation: You are resistant to electric shocks.
                  | (rElec) [potion of mutation]
   463 | D        | Noticed a water elemental
   468 | D        | Killed a water elemental
   469 | D        | Reached skill level 8 in Axes
   469 | D        | Reached XP level 5. HP: 56/56 MP: 4/4
   508 | D        | Found a glowing silver altar of Zin.
   508 | D        | Found a glowing golden altar of the Shining One.
   508 | D        | Found a white marble altar of Elyvilon.
   509 | D        | Noticed a deep elf pyromancer
   516 | D        | Killed a deep elf pyromancer
   517 | D        | Reached skill level 12 in Axes
   517 | D        | Reached XP level 6. HP: 70/70 MP: 5/5
   517 | D        | Reached XP level 7. HP: 75/75 MP: 6/6
   554 | D        | Found a basalt altar of Yredelemnul.
   554 | D        | Found a shadowy altar of Dithmenos.
   554 | D        | Found a sacrificial altar of Ru.
   556 | D        | Reached **** piety under Trog
   586 | D        | Found a radiant altar of Vehumet.
   586 | D        | Found a shimmering blue altar of Sif Muna.
   586 | D        | Found an ancient bone altar of Kikubaaqudgha.
   639 | D        | Found a hide-covered altar of Uskayaw.
   639 | D        | Found an iron altar of Okawaru.
   639 | D        | Found a bloodstained altar of Trog.
   639 | D        | Found an ornate altar of the Wu Jian Council.
   639 | D        | Noticed a human
   640 | D        | Noticed a human
   648 | D        | Killed a human
   648 | D        | Killed a human
   648 | D        | Reached ***** piety under Trog
   649 | D        | Reached skill level 13 in Axes
   649 | D        | Reached XP level 8. HP: 86/86 MP: 7/7
   717 | D        | Reached skill level 14 in Axes
   767 | D        | Found a blossoming altar of Fedhas.
   767 | D        | Found a stormy altar of Qazlal.
   767 | D        | Found a snail-covered altar of Cheibriados.
   767 | D        | Found a burning altar of Makhleb.
   767 | D        | Found a shimmering altar of Xom.
   768 | D        | Found a hazy altar of Hepliaklqana.
   768 | D        | Found an opulent altar of Gozag.
   768 | D        | Found a sparkling altar of Nemelex Xobeh.
   768 | D        | Found a corrupted altar of Lugonu.
   768 | D        | Found a viscous altar of Jiyva.
   796 | D        | Noticed Snorg
   805 | D        | Killed Snorg
   806 | D        | Reached skill level 15 in Axes
   806 | D        | Reached XP level 9. HP: 54/96 MP: 8/8
  1113 | D        | Noticed a centaur warrior
  1125 | D        | Killed a centaur warrior
  1126 | D        | Reached skill level 15 in Fighting
  1126 | D        | Reached skill level 16 in Axes
  1449 | D        | Killed an unseen horror
  1449 | D        | Received a gift from Trog
  1450 | D        | Reached skill level 1 in Stealth
  1760 | D        | Noticed an orc knight
  1760 | D        | Noticed an orc sorcerer
  1762 | D        | Found Rimnim's Book Shoppe.
  1765 | D        | Noticed an orc high priest
  1765 | D        | Noticed an orc high priest
  1767 | D        | Killed an orc sorcerer
  1768 | D        | Reached skill level 17 in Axes
  1768 | D        | Reached skill level 10 in Armour
  1768 | D        | Noticed a rust devil
  1770 | D        | Noticed a smoke demon
  1773 | D        | Received a gift from Trog
  1775 | D        | Killed an orc knight
  1775 | D        | Gained mutation: Your muscles are strong. (Str +2) [a
                  | neqoxec]
  1776 | D        | Reached skill level 10 in Dodging
  1776 | D        | Reached XP level 10. HP: 108/108 MP: 9/9
  1777 | D        | Killed an orc high priest
  1780 | D        | Reached ****** piety under Trog
  1792 | D        | HP: 4/108 [orc high priest/+0 war axe (7)]
  1792 | D        | Killed an orc high priest
  1793 | D        | Reached skill level 18 in Axes
  1793 | D        | Reached skill level 1 in Evocations
  2350 | D        | Noticed a cane toad
  2350 | D        | Noticed a cane toad
  2358 | D        | Killed a cane toad
  2358 | D        | Received a gift from Trog
  2365 | D        | Killed a cane toad
  2369 | D        | Reached skill level 19 in Axes
  3079 | D        | Noticed a lindwurm
  3082 | D        | Killed a lindwurm
  3082 | D        | Received a gift from Trog
  3083 | D        | Reached XP level 11. HP: 118/119 MP: 10/10
  3278 | D        | Noticed Urug
  3286 | D        | Killed Urug
  3287 | D        | Reached skill level 20 in Axes
  3595 | D        | Noticed Sigmund
  3595 | D        | Noticed Edmund
  3605 | D        | Killed Edmund
  3605 | D        | Killed Sigmund
  3606 | D        | Reached skill level 21 in Axes
  3786 | D        | Noticed a sun demon
  3801 | D        | Noticed a sixfirhy
  3806 | D        | HP: 8/183 [poisoned by an orange demon]
  3807 | D        | HP: 1/183 [orc priest/+0 trident (6)]
  3808 | D        | Succumbed to an orange demon's poison

Illustrated notes

Levels and vault maps discovered:
D:        dungeon_sprint_mu [sprint_mu_entry_forest, sprint_mu_temple_rooms,
          sprint_mu_d1_horrors, sprint_mu_d2_genie, sprint_mu_d3_branching,
          sprint_mu_orc_legion, sprint_mu_elf_gauntlet, sprint_mu_hive_nellie,
          sprint_mu_lair_fedhas, sprint_mu_vaults_butterflies,
          sprint_mu_slime_circle, sprint_mu_shoals_kraken,
          sprint_mu_snake_twists, sprint_mu_blade_basic,
          sprint_mu_crypt_chambers, sprint_mu_tomb_spiral,
          sprint_mu_vestibule_basic, sprint_mu_gehenna_hellfire,
          sprint_mu_dis_giant, sprint_mu_tartarus_statrot,
          sprint_mu_cocytus_islands, sprint_mu_zot1]

Skill      XL: |  1  2  3  4  5  6  7  8  9 10 11 |
---------------+----------------------------------+-----
Fighting       | 5 7 8 11 13 14 16 18 19 | 19.2
Axes           | 5 7 8 12 13 15 17 19 21 | 21.4
Armour         | 3 4 6 8 11 13 14 | 14.6
Dodging        | 3 4 6 7 8 10 11 | 11.0
Stealth        | 1 |  1.6
Evocations     | 1 2 |  2.3

Action                   |  1- 3 |  4- 6 |  7- 9 | 10-12 || total
-------------------------+-------+-------+-------+-------++-------
Melee: Hand axe          |    21 |     8 |    79 |       ||   108
       Headbutt          |     4 |     5 |    25 |    18 ||    52
       Punch             |     1 |       |       |       ||     1
       Executioner's axe |       |       |    11 |    76 ||    87
Invok: Berserk           |       |     2 |     5 |     4 ||    11
       Brothers in Arms  |       |       |       |     1 ||     1
Evoke: Phantom mirror    |       |       |     2 |     3 ||     5
  Use: Potion            |       |     3 |       |     3 ||     6
       Scroll            |       |       |       |     1 ||     1
Armor: Animal skin       |     2 |       |       |       ||     2
       Scale mail        |       |       |    26 |     7 ||    33
       Chain mail        |       |       |       |    13 ||    13
Dodge: Dodged            |    12 |     2 |    40 |    48 ||   102

Table legend: (Time is in decaauts)
 A = Elapsed time spent in this place.
 B = Non-inter-level travel time spent in this place.
 C = Inter-level travel time spent in this place.
 D = Time resting spent in this place.
 E = Time spent auto-exploring this place.
 F = Levels seen in this place.
 G = Mean time per level.
                   A        B        C        D        E       F      G
               +--------+--------+--------+--------+--------+-----+--------+
         Total |   3883 |   3883 |      0 |   3097 |     10 |   1 | 3883.0 |
       Dungeon |   3883 |   3883 |      0 |   3097 |     10 |   1 | 3883.0 |
               +--------+--------+--------+--------+--------+-----+--------+

Top non-repeatable levels by time:
       D: 3883 daAuts
